 Seeded DCSS version 0.28.0-53-g5a82cb258f (webtiles) character file.

Game seed: 12963177351056830751 (custom seed)

30 Kranky the Skirmisher (level 3, 0/27 HPs)
             Began as an Octopode Fighter on June 23, 2022.
             Frozen to death by an endoplasm (3 damage)
             ... on level 1 of the Dungeon.
             The game lasted 00:01:15 (878 turns).

Kranky the Skirmisher (Octopode Fighter)             Turns: 878, Time: 00:01:16

Health: 0/27       AC:  1    Str: 15    XL:     3   Next: 18%
Magic:  3/3        EV: 13    Int: 10    God:
Gold:   40         SH:  4    Dex: 13    Spells: 2/2 levels left

rFire   . . .      SeeInvis .   a - +0 war axe
rCold   . . .      Faith    .   b - +0 buckler
rNeg    . . .      Spirit   .   (helmet restricted)
rPois   .          Reflect  .   (no amulet)
rElec   .          Harm     .   (no ring)
rCorr   .          Rampage  .   (no ring)
Will    .....                   (no ring)
Stlth   +++.......              (no ring)
HPRegen 0.09/turn               (no ring)
MPRegen 0.08/turn               (no ring)
                                (no ring)
                                (no ring)

@: no status effects
A: almost no armour, amphibious, 8 rings, camouflage 1, gelatinous body 1,
(nimble swimmer 1), tentacles
a: no special abilities


You were on level 1 of the Dungeon.
You visited 1 branch of the dungeon, and saw 1 of its levels.

You collected 40 gold pieces.

Inventory:

Hand Weapons
 a - a +0 war axe (weapon)
Missiles
 g - 3 poisoned darts (quivered)
Armour
 b - a +0 buckler (worn)
Jewellery
 e - an amulet of faith
Scrolls
 h - a scroll of brand weapon {unknown}
Potions
 c - a potion of might
 d - a potion of heal wounds {unknown}
 f - a potion of curing {unknown}


   Skills:
 + Level 3.6 Fighting
 - Level 2.0 Axes
 - Level 3.0 Dodging
 * Level 2.5 Stealth
 - Level 3.0 Shields


You had 2 spell levels left.
You didn't know any spells.
Your spell library was empty.

Dungeon Overview and Level Annotations

Branches:
Dungeon (1/15)

Altars:


Innate Abilities, Weirdness & Mutations

You cannot wear most types of armour.
You are amphibious.
You can wear up to eight rings at the same time.
Your skin changes colour to match your surroundings (Stealth+).
Your rubbery body absorbs attacks. (AC +1, EV +1)
((You are camouflaged when in or above water. (Stealth+)))
You have tentacles for arms and can constrict up to eight enemies at once.


Message History

The ball python bites you. The ball python constricts you.
The kobold hits you with a +0 club.
You barely miss the ball python. Your grab misses the ball python.
The ball python is moderately wounded.
You barely miss the kobold. The ball python bites you.
The ball python constricts you. The kobold hits you with a +0 club.
The ball python bites you. The ball python constricts you.
You are too injured to fight recklessly!
Unknown command.
You escape the ball python's grasp.
The kobold closely misses you.
You see here a bat corpse.
You block the ball python's attack. x2
Things that are here:
a +0 dagger; a goblin corpse A goblin opens the door.
You are too injured to fight recklessly!
You are too injured to fight recklessly!
You are too injured to fight recklessly!
You slash the ball python!
You kill the ball python!
You barely miss the hobgoblin. You grab the hobgoblin.
You squeeze the hobgoblin.
You kill the hobgoblin!
The goblin closely misses you.
You closely miss the goblin. Your grab misses the goblin.
Your tentacle-slap misses the goblin.
Your squeeze misses the goblin. The goblin hits you with a +0 dagger.
* * * LOW HITPOINT WARNING * * *
The goblin hits you but does no damage.
You slash the goblin!
You kill the goblin!
The endoplasm freezes you.
You are frozen.
* * * LOW HITPOINT WARNING * * *
You hit the endoplasm.
The endoplasm is heavily wounded.
The endoplasm freezes you.
You are frozen.
You die...

########.#.# #.#.
#........#.# #.#.
#........#.# #.#.
#........#.#########.#.
#......................
#........#.#########.#.
#....####### ####
#....#...# 8 #....#@#.#
P. #..###J# #. ##
#....gK# ## .. 8.
##'K†...# ... .P
#.gJ###.# #..#
#....##.# #...##
#..J.##.. #.....##
#....##### #.......
#....# ##.......


You could see an endoplasm, a hobgoblin and a kobold.

Vanquished Creatures
  An endoplasm (D:1)
  2 giant cockroaches (D:1)
  7 goblins (D:1)
  2 hobgoblins (D:1)
  2 jackals (D:1)
  A quokka (D:1)
  2 ball pythons (D:1)
  5 bats (D:1)
  A frilled lizard (D:1)
  3 kobolds (D:1)
  2 rats (D:1)
28 creatures vanquished.

Vanquished Creatures (others)
  A plant (D:1)
1 creature vanquished.

Grand Total: 29 creatures vanquished

Notes
Turn   | Place    | Note
-------+----------+-------------------------------------------
     0 | D:1      | Kranky the Octopode Fighter began the quest for the Orb.
     0 | D:1      | Reached XP level 1. HP: 16/16 MP: 1/1
   122 | D:1      | Reached skill level 1 in Stealth
   128 | D:1      | Reached XP level 2. HP: 17/21 MP: 2/2
   319 | D:1      | HP: 1/21 [frozen (4)]
   857 | D:1      | Reached XP level 3. HP: 25/26 MP: 3/3
   878 | D:1      | Frozen to death by an endoplasm

Illustrated notes

Levels and vault maps discovered:
D:1:      minmay_arrival_pointy, layout_basic, chequers_ecumenical_altar_lobes,
          serial_forest, infiniplex_forest_straight_4,
          infiniplex_forest_straight_3, infiniplex_forest_lined_2,
          infiniplex_forest_3_way, infiniplex_forest_pool,
          infiniplex_forest_side_room, infiniplex_forest_clump_diagonal,
          st_stairs_5, bh_walls_and_bars

Skill      XL: |  1  2 |
---------------+-------+-----
Stealth        | 1 2 |  2.5
Fighting       | |  3.6
Axes           | |  2.0
Dodging        | |  3.0
Shields        | |  3.0

Action                   || total
-------------------------++-------
Melee: War axe           ||    42
       Constrict         ||    11
       Tentacles         ||     7
 Stab: Sleeping          ||     3
Armor: Skin              ||     3
Dodge: Dodged            ||    24
Block: Buckler           ||    11
